AoeStats
← Twelfth

Arabia

509753722Analyzed
1v1 RM · 6d ago on Sep 27, 2026· 30m 41s· 2 players
Game mode
Random Map
Map size
Tiny (2 player)
Population
200
Speed
Normal
Resources
Standard
Victory
Conquest
Starting age
Dark Age
Ending age
Imperial Age
RankedLock teamsTeams togetherTeam positionsShared explorationLock speedFull tech treeHidden civsTurbo modeCheats
Victory
Defeat
🇨🇦 Varangians · Canada
934
+14
🇺🇸 Khmer · United States
896
-14
Twelfth
7:22 Loom
10:10 Feudal Age
10:37 Double-Bit Axe
16:57 Castle Age
15:58 Bloodlines
20:05 Husbandry
20:48 Bow Saw
22:25 Scale Barding Armor
22:50 Forging
25:21 Gold Mining
25:24 Horse Collar
27:44 Wheelbarrow
29:53 Town Watch
magicfg
6:17 Loom
9:36 Feudal Age
10:12 Double-Bit Axe
11:42 Gold Mining
13:11 Wheelbarrow
15:25 Horse Collar
17:40 Fletching
18:09 Padded Archer Armor
19:47 Forging
21:26 Scale Mail Armor
25:21 Castle Age
24:16 Town Watch
25:24 Stone Mining
25:54 Pikeman
26:41 Squires
27:20 Iron Casting
27:01 Chain Mail Armor
26:42 Bodkin Arrow
26:11 Crossbowman
27:12 Bow Saw
28:27 Leather Archer Armor
29:48 Heavy Plow
Connection lost

Rejoining the realm…

Still unreachable

The connection could not be restored.

Session expired

The server has moved on; the page needs a fresh start.